 Dungeon Crawl Stone Soup version 0.23-a0-208-gb6b040f (webtiles) character file.

2813 Felrender the Cleaver (level 9, -4/78 HPs)
             Began as a Hill Orc Fighter on Sept 24, 2018.
             Was a Follower of Okawaru.
             Splashed by Harold's acid (15 damage)
             ... on level 8 of the Dungeon.
             The game lasted 00:11:34 (6492 turns).

Felrender the Cleaver (Hill Orc Fighter)            Turns: 6492, Time: 00:11:35

Health: -4/78      AC: 17    Str: 22    XL:     9   Next: 72%
Magic:  9/9        EV:  6    Int:  8    God:    Okawaru [*.....]
Gold:   376        SH: 10    Dex: 10    Spells: 8/8 levels left

rFire    . . .     SeeInvis +   a - +2 war axe
rCold    . . .     Gourm    .   c - +0 shield
rNeg     . . .     Faith    .   e - +0 plate armour
rPois    .         Spirit   .   (no helmet)
rElec    .         Reflect  .   (no cloak)
rCorr    .         Harm     .   k - +2 pair of gloves
MR       .....                  (no boots)
Stlth    ..........             (no amulet)
HPRegen  0.23/turn              p - ring of see invisible
MPRegen  0.11/turn              n - +1 ring of evasion

@: lethally poisoned (-4 -> -5)
A: no striking features
a: Heroism, Renounce Religion


You were on level 8 of the Dungeon.
You worshipped Okawaru.
Okawaru was aware of your devotion.
You were not hungry.

You visited 2 branches of the dungeon, and saw 9 of its levels.

You collected 376 gold pieces.

Inventory:

Hand Weapons
 a - a +2 war axe (weapon)
 v - a +0 great sword of protection
 w - a +1 long sword of electrocution
Missiles
 l - 22 tomahawks (quivered)
Armour
 c - a +0 shield (worn)
 e - a +0 plate armour (worn)
 k - a +2 pair of gloves (worn)
Jewellery
 j - an uncursed ring of flight
 n - a +1 ring of evasion (right hand)
 p - a ring of see invisible (left hand)
Wands
 h - a wand of flame (25)
 r - a wand of paralysis (17)
 u - a wand of random effects (23)
 D - a wand of acid (2)
Scrolls
 g - 2 scrolls of teleportation
 m - 2 scrolls of remove curse
 y - 2 scrolls of identify
 B - a scroll of fog
Potions
 b - a potion of mutation {unknown}
 d - 2 potions of might
 i - 4 potions of curing
 o - 4 potions of heal wounds {unknown}
 q - 2 potions of brilliance {unknown}
 s - a potion of flight {unknown}
 t - a potion of resistance {unknown}
 x - a potion of agility {unknown}
 z - a potion of magic {unknown}
Comestibles
 f - 17 rations


   Skills:
 + Level 6.6 Fighting
 + Level 11.1 Axes
 * Level 8.5 Armour
 + Level 0.8 Dodging
 + Level 0.4 Stealth
 + Level 6.2 Shields


You had 8 spell levels left.
You didn't know any spells.
Your spell library was empty.

Dungeon Overview and Level Annotations

Branches:
Dungeon (8/15)             Temple (1/1) D:7
   Lair: D:8-11

Altars:
Ashenzari
Cheibriados
Dithmenos
Elyvilon
Fedhas
Gozag
Hepliaklqana
Kikubaaqudgha
Makhleb
Nemelex Xobeh
Okawaru
Qazlal
Ru
Sif Muna
Trog
Uskayaw
Vehumet
Wu Jian
Xom
Yredelemnul
Zin
The Shining One

Shops:
D:6 !

Annotations:
D:8 Harold


Message History

Harold moves out of view.
There are monsters nearby!
The killer bee buzzes angrily.
The jelly quivers.
You block the quokka's attack.
You feel sick. You block the quokka's attack.
Harold zaps a wand.
The bolt of acid hits the quokka.
The quokka is splashed with acid.
The acid corrodes the quokka!
The quokka dies!
The bolt of acid hits you!
You are splashed with acid!
The acid burns!
It is a wand of acid (8).
You feel sick.
You see here a quokka corpse.
You hit Harold.
Harold is lightly wounded.
Harold zaps a wand.
The bolt of acid hits you!
* * * LOW HITPOINT WARNING * * *
You are splashed with acid!
The acid burns!
You die...

# ###.
.....
.....J####
#..y#
#.#@######
#.#@##...#
#.#.##.#.#
#.#.##.#.#
#.#.##K#.#
#.#.#KK#.#
#.#.#F##.#
#.#K.#.#
#.#<.#.#
#.####.#


You could see Harold and a killer bee.

Vanquished Creatures
  A two-headed ogre (D:8)
  Pikel (D:7)
  A hippogriff (D:7)
  A sky beast (D:5)
  An orc warrior (D:6)
  A centaur (D:7)
  3 ogres
  3 scorpions
  A water moccasin skeleton (D:5)
  A killer bee (D:8)
  2 crimson imps
  2 hounds
  5 orc priests
  2 centaur skeletons (D:4)
  2 orc wizards
  Ijyb (D:5)
  Terence (D:2)
  A bullfrog skeleton (D:2)
  3 worker ants
  A hound zombie (D:5)
  7 gnolls
  12 adders
  3 oozes
  2 adder zombies
  7 worms
  2 dart slugs (D:1)
  3 leopard geckos
  15 orcs
  2 ball pythons
  6 bats
  2 giant cockroaches
  10 goblins
  8 hobgoblins
  5 quokkas
  7 kobolds
  9 rats
134 creatures vanquished.

Vanquished Creatures (others)
  A quokka (D:8)
1 creature vanquished.

Grand Total: 135 creatures vanquished

Notes
Turn   | Place    | Note
-------+----------+-------------------------------------------
     0 | D:1      | Felrender the Hill Orc Fighter began the quest for the Orb.
     0 | D:1      | Reached XP level 1. HP: 19/19 MP: 1/1
   110 | D:1      | Reached XP level 2. HP: 23/27 MP: 2/2
   643 | D:1      | Reached skill level 3 in Axes
   643 | D:1      | Reached XP level 3. HP: 33/33 MP: 3/3
   903 | D:2      | Noticed Terence
   918 | D:2      | Killed Terence
   918 | D:2      | Reached XP level 4. HP: 39/41 MP: 4/4
   921 | D:2      | Reached skill level 4 in Axes
   961 | D:2      | Reached XP level 5. HP: 38/47 MP: 5/5
  2086 | D:3      | Reached skill level 5 in Axes
  2103 | D:3      | Reached XP level 6. HP: 55/55 MP: 6/6
  2233 | D:3      | Found a shimmering altar of Xom.
  2580 | D:4      | Reached skill level 5 in Armour
  2596 | D:4      | Reached skill level 5 in Fighting
  2709 | D:4      | Reached skill level 6 in Axes
  2728 | D:4      | Reached XP level 7. HP: 59/61 MP: 7/7
  2771 | D:4      | Found a shadowy altar of Dithmenos.
  2772 | D:4      | Found a burning altar of Makhleb.
  3215 | D:5      | Entered Level 5 of the Dungeon
  3278 | D:5      | Reached skill level 7 in Axes
  3345 | D:5      | Noticed Ijyb
  3353 | D:5      | Killed Ijyb
  3705 | D:5      | Reached skill level 8 in Axes
  3705 | D:5      | Reached XP level 8. HP: 35/69 MP: 8/8
  4126 | D:6      | Reached skill level 9 in Axes
  4126 | D:6      | Reached skill level 5 in Shields
  4168 | D:6      | Found Naqub's Distillery.
  4942 | D:7      | Noticed a hippogriff
  4955 | D:7      | Killed a hippogriff
  5254 | D:7      | Reached XP level 9. HP: 59/75 MP: 9/9
  5351 | D:7      | Found a hide-covered altar of Uskayaw.
  5403 | D:7      | Found a staircase to the Ecumenical Temple.
  5451 | Temple   | Entered the Ecumenical Temple
  5561 | Temple   | Became a worshipper of Warmaster Okawaru
  5785 | D:7      | Reached skill level 10 in Axes
  5848 | D:7      | Noticed Pikel
  5857 | D:7      | Killed Pikel
  5857 | D:7      | Reached * piety under Okawaru
  6176 | D:8      | Noticed a two-headed ogre
  6187 | D:8      | Killed a two-headed ogre
  6187 | D:8      | Reached skill level 11 in Axes
  6484 | D:8      | Noticed Harold
  6492 | D:8      | Splashed by Harold's acid

Vault maps used:
D:1:      scummos_arrival_star
D:2:      uniq_terence
D:3:      nicolae_overflow_hidden_temple
D:4:      chequers_temple_overflow_statue_of_worship, first_ration
D:5:      wad_floor_pattern_2, uniq_ijyb
D:6:      serial_shops, shop_fountains
D:7:      eat_drink_and_be_merry_uskayaw, minmay_temple_entry_hall, uniq_pikel
D:8:      uniq_erica, uniq_prince_ribbit1, uniq_harold
Temple:   dpeg_five_rooms_temple

Skill      XL: |  1  2  3  4  5  6  7  8  9 |
---------------+----------------------------+-----
Fighting       | 4 5 6 |  6.6
Axes           | 3 4 5 6 8 9 11 | 11.1
Shields        | 4 5 6 |  6.2
Armour         | 4 5 7 8 |  8.5
Dodging        | |  0.8
Stealth        | |  0.4

Action                   |  1- 3 |  4- 6 |  7- 9 || total
-------------------------+-------+-------+-------++-------
Melee: War axe           |   103 |   196 |   239 ||   538
  Use: Scroll            |     3 |     3 |     9 ||    15
 Stab: Distracted        |       |       |     1 ||     1
  Eat: Chunk             |       |     3 |     5 ||     8
       Ration            |       |     1 |     2 ||     3
Armor: Plate armour      |    58 |   127 |   114 ||   299
       Scale mail        |     5 |       |       ||     5
Dodge: Dodged            |    19 |    27 |    41 ||    87
Block: Shield            |    56 |    99 |   115 ||   270

Table legend:
 A = Non-vault XP
 B = Vault XP
 C = Vault XP percentage of total XP
 D = Non-vault monster count
 E = Vault monster count
 F = Vault count percentage of total count
                 A         B        C        D         E       F
            +---------+---------+-------+---------+---------+-------
      Total |    3284 |     735 |  18.3 |     131 |       3 |   2.2
            +---------+---------+-------+---------+---------+-------
        D:1 |      34 |       0 |   0.0 |      16 |       0 |   0.0
        D:2 |     187 |      36 |  16.1 |      30 |       1 |   3.2
        D:3 |     144 |       0 |   0.0 |      23 |       0 |   0.0
        D:4 |     427 |       0 |   0.0 |      24 |       0 |   0.0
        D:5 |     623 |      36 |   5.5 |      18 |       1 |   5.3
        D:6 |     521 |       0 |   0.0 |       8 |       0 |   0.0
        D:7 |     497 |     663 |  57.2 |      10 |       1 |   9.1
        D:8 |     851 |       0 |   0.0 |       2 |       0 |   0.0
            +---------+---------+-------+---------+---------+-------
